 Dungeon Crawl Stone Soup version 0.29.0-4-gdea44cf6ec (webtiles) character file.

Game seed: 16986026548124668039

487 qw the Cleaver (level 6, -4/53 HPs)
             Began as a Minotaur Berserker on Sept 9, 2022.
             Was a Believer of Trog.
             Slain by a gnoll
             ... wielding a +0 halberd
              (6 damage)
             ... on level 4 of the Dungeon.
             The game lasted 00:01:12 (4091 turns).

qw the Cleaver (Minotaur Berserker)                 Turns: 4091, Time: 00:01:13

Health: -4/53      AC:  6    Str: 34    XL:     6   Next: 89%
Magic:  5/5        EV: 12    Int:  4    God:    Trog [**....]
Gold:   154        SH:  0    Dex: 11    Spells: 5/5 levels left

rFire   + . .      SeeInvis +   Y - +0 hand axe
rCold   . . .      Faith    .   (no shield)
rNeg    + . .      Spirit   .   k - +2 leather armour of the Postmodern Xalams {rF+ Str+4 Dex+2 SInv}
rPois   .          Reflect  .   (helmet restricted)
rElec   .          Harm     .   g - +0 cloak
rCorr   .          Rampage  .   (no gloves)
Will    .....                   (no boots)
Stlth   +.........              (no amulet)
HPRegen 0.17/turn               h - ring of positive energy
MPRegen 0.09/turn               l - +6 ring of strength

@: on berserk cooldown, slowed, very slow
A: horns 2, retaliatory headbutt
a: Renounce Religion, Berserk, Trog's Hand


You were on level 4 of the Dungeon.
You worshipped Trog.
Trog was pleased with you.
You visited 1 branch of the dungeon, and saw 4 of its levels.

You collected 154 gold pieces.


Innate Abilities, Weirdness & Mutations

You have a pair of horns on your head.
You reflexively headbutt those who attack you in melee.


   Skills:
 + Level 4.3 Fighting
 - Level 9.0 Axes
 - Level 1.0 Throwing
 - Level 2.4 Armour
 - Level 2.1 Dodging


You had 5 spell levels left.
You didn't know any spells.
Your spell library was empty.

Inventory:

Hand Weapons
 d - a +0 club
 Y - a +0 hand axe (weapon)
Armour
 e - a +0 chain mail
 g - a +0 cloak (worn)
 k - the +2 leather armour of the Postmodern Xalams (worn) {rF+ Str+4 Dex+2 SInv}
   (You found it on level 2 of the Dungeon)

   Str:       It affects your strength (+4).
   Dex:       It affects your dexterity (+2).
   rF:        It protects you from fire.
   SInv:      It lets you see invisible.
 n - a +0 ring mail of poison resistance
Jewellery
 h - a ring of positive energy (left hand)
 l - a +6 ring of strength (right hand)
Scrolls
 a - 2 scrolls of identify
 m - a scroll of summoning {unknown}
 p - a scroll of butterflies {unknown}
Potions
 b - a potion of haste
 f - a potion of magic {unknown}
 i - 4 potions of degeneration {unknown}
 j - a potion of lignification {unknown}
 o - 2 potions of curing {unknown}

Dungeon Overview and Level Annotations

Branches:
Dungeon (4/15)             Temple (0/1) D:4

Altars:
Zin


Message History

The gnoll hits you from afar with a +0 halberd.
The hound skeleton bites you but does no damage.
You're too confused to move!
You feel less confused. The hound skeleton closely misses you.
The gnoll closely misses you.
The hound skeleton bites you but does no damage.
You slash the hound skeleton!
The hound skeleton is almost destroyed.
The gnoll closely misses you.
The hound skeleton bites you but does no damage.
The gnoll barely misses you.
You slash the hound skeleton!
You destroy the hound skeleton!
Trog accepts your kill. The gnoll closely misses you.
You slash the gnoll!
The gnoll is severely wounded.
The gnoll hits you with a +0 whip. The gnoll closely misses you.
You hit the gnoll.
The gnoll is severely wounded.
The gnoll barely misses you.
The gnoll hits you from afar with a +0 halberd!
You barely miss the gnoll.
The gnoll is severely wounded.
The gnoll misses you.
The gnoll hits you from afar with a +0 halberd! x2
The gnoll hits you with a +0 whip!
You closely miss the gnoll.
The gnoll is severely wounded.
The gnoll barely misses you. You furiously retaliate!
You headbutt the gnoll.
You kill the gnoll!
Trog accepts your kill. The gnoll misses you. The adder zombie bites you.
The adder zombie closely misses you.
Items here: %% )).
You barely miss the adder zombie.
The adder zombie is severely damaged.
You hit the gnoll. The gnoll hits you with a +0 halberd.
You die...

......###....###..##.....##
..... ####.....###.....##
.... #####.##.......# ...
#.##.......# ..
####.......# . ##.....##
...###### ##...###
....o..Z# ##....#
....##@#######)...#
#(.gg.).........#
############....# ######


You could see 2 gnolls, an orc and an adder zombie.

Vanquished Creatures
  A water moccasin zombie (D:4)
  A howler monkey (D:4)
  A jelly (D:4)
  Jessica (D:2)
  An orc wizard (D:4)
  Ijyb (D:3)
  2 iguanas (D:3)
  A scorpion zombie (D:4)
  A hound skeleton (D:4)
  2 gnolls (D:4)
  8 adders
  An adder skeleton (D:4)
  4 adder zombies (D:4)
  3 dart slugs
  4 orcs
  7 endoplasms
  A giant cockroach (D:1)
  6 goblins
  7 hobgoblins
  9 jackals
  7 kobolds
  2 quokkas
  4 ball pythons
  4 bats
  5 frilled lizards
  7 rats
91 creatures vanquished.

Vanquished Creatures (others)
  3 withered plants (D:4)
3 creatures vanquished.

Grand Total: 94 creatures vanquished

Notes
Turn   | Place    | Note
-------+----------+-------------------------------------------
     0 | D:1      | qw the Minotaur Berserker began the quest for the Orb.
     0 | D:1      | Reached XP level 1. HP: 19/19 MP: 0/0
     0 | D:1      | 0 ||| qw: Version: 0.1-a-113-g051387a
     0 | D:1      | 0 ||| qw: Game counter: 6930
     0 | D:1      | 0 ||| qw: Always use a shield: true
     0 | D:1      | 0 ||| qw: Do Orc after D:15 true
     0 | D:1      | 0 ||| qw: Do second Lair branch before Depths: true
     0 | D:1      | 0 ||| qw: Lair rune preference: random
     0 | D:1      | 0 ||| qw: Plans: Normal
     0 | D:1      | 0 ||| PLANNING D:1-11
   352 | D:1      | Reached skill level 4 in Axes
   369 | D:1      | 369 ||| Stepping ~*~*~tactically~*~*~ (hiding).
   471 | D:1      | 471 ||| Stepping ~*~*~tactically~*~*~ (hiding).
   691 | D:1      | 691 ||| Stepping ~*~*~tactically~*~*~ (stealth).
   700 | D:1      | Reached XP level 2. HP: 26/26 MP: 1/1
   700 | D:1      | 700 ||| Stepping ~*~*~tactically~*~*~ (stealth).
   702 | D:1      | 702 ||| Stepping ~*~*~tactically~*~*~ (stealth).
   706 | D:1      | 706 ||| Stepping ~*~*~tactically~*~*~ (stealth).
   708 | D:1      | 708 ||| Stepping ~*~*~tactically~*~*~ (stealth).
   710 | D:1      | 710 ||| Stepping ~*~*~tactically~*~*~ (stealth).
   712 | D:1      | 712 ||| Stepping ~*~*~tactically~*~*~ (stealth).
   896 | D:1      | 896 ||| INVOKING Berserk.
  1277 | D:1      | 1277 ||| UPGRADING to +1 robe of fire resistance.
  1287 | D:1      | 1287 ||| DROPPING +0 animal skin.
  1288 | D:1      | 1288 ||| UPGRADING to +0 chain mail.
  1298 | D:1      | 1298 ||| DROPPING +1 robe of fire resistance.
  1299 | D:1      | 1299 ||| UPGRADING to +0 cloak.
  1304 | D:1      | 1304 ||| UPGRADING to ring of positive energy.
  1305 | D:1      | 1305 ||| READING scroll labelled ZIGE UROQANYN.
  1376 | D:2      | Reached skill level 5 in Axes
  1490 | D:2      | Found a glowing silver altar of Zin.
  1503 | D:2      | Reached XP level 3. HP: 31/31 MP: 2/2
  1576 | D:2      | Noticed Jessica
  1591 | D:2      | Killed Jessica
  1592 | D:2      | Reached skill level 6 in Axes
  1592 | D:2      | Reached XP level 4. HP: 30/39 MP: 3/3
  1594 | D:2      | 1594 ||| FLEEEEING.
  1595 | D:2      | 1595 ||| FLEEEEING.
  1596 | D:2      | 1596 ||| STAIRDANCE
  1659 | D:1      | 1659 ||| DROPPING amulet of magic regeneration.
  1660 | D:1      | 1660 ||| READING scroll labelled ZIGASA NIREPRU.
  1963 | D:2      | 1963 ||| Stepping ~*~*~tactically~*~*~ (stealth).
  2010 | D:2      | Identified the +2 leather armour of the Postmodern Xalams
                  | {rF+ Str+4 Dex+2 SInv}
  2163 | D:2      | Reached ** piety under Trog
  2345 | D:2      | 2345 ||| UPGRADING to +2 leather armour of the Postmodern
                  | Xalams {rF+ Str+4 Dex+2 SInv}.
  2355 | D:2      | 2355 ||| UPGRADING to +6 ring of strength.
  2356 | D:2      | 2356 ||| READING scroll labelled OPPENLO HENUA.
  2357 | D:2      | 2357 ||| DRINKING 3 bubbling cyan potions.
  2358 | D:2      | 2358 ||| DROPPING 2 potions of brilliance.
  2428 | D:3      | 2428 ||| INVOKING Berserk.
  2555 | D:3      | 2555 ||| INVOKING Berserk.
  2557 | D:3      | Reached skill level 7 in Axes
  2557 | D:3      | Reached XP level 5. HP: 45/45 MP: 4/4
  2713 | D:3      | Noticed Ijyb
  2716 | D:3      | 2716 ||| INVOKING Berserk.
  2721 | D:3      | Killed Ijyb
  2869 | D:3      | 2869 ||| Stepping ~*~*~tactically~*~*~ (hiding).
  2870 | D:3      | 2870 ||| Stepping ~*~*~tactically~*~*~ (hiding).
  3017 | D:3      | Found a faded altar of an unknown god.
  3020 | D:3      | Reached skill level 1 in Throwing
  3130 | D:3      | 3130 ||| Stepping ~*~*~tactically~*~*~ (stealth).
  3135 | D:3      | 3135 ||| Stepping ~*~*~tactically~*~*~ (stealth).
  3142 | D:3      | 3142 ||| Stepping ~*~*~tactically~*~*~ (stealth).
  3225 | D:3      | 3225 ||| Stepping ~*~*~tactically~*~*~ (stealth).
  3493 | D:3      | 3493 ||| READING scroll labelled DEZAUCLEOH.
  3494 | D:3      | 3494 ||| READING scroll labelled HAOGUEN ZESA.
  3610 | D:4      | 3610 ||| Stepping ~*~*~tactically~*~*~ (stealth).
  3627 | D:4      | Reached XP level 6. HP: 45/52 MP: 5/5
  3684 | D:4      | Found a staircase to the Ecumenical Temple.
  3703 | D:4      | 3703 ||| Stepping ~*~*~tactically~*~*~ (stealth).
  3713 | D:4      | Reached skill level 8 in Axes
  3899 | D:4      | 3899 ||| INVOKING Berserk.
  4068 | D:4      | 4068 ||| INVOKING Berserk.
  4078 | D:4      | Reached skill level 9 in Axes
  4088 | D:4      | HP: 10/52 [gnoll/+0 halberd (12)]
  4088 | D:4      | HP: 3/52 [gnoll/+0 whip (7)]
  4091 | D:4      | Slain by a gnoll

Levels and vault maps discovered:
D:1:      wander_arrival_desolate, layout_basic
D:2:      layout_basic, basic_altar, corner_web_ring, minivault_19,
          minmay_misc_feat_four_crosses, uniq_jessica
D:3:      layout_basic, shapermc_ecumenical_altar_starsandcircs, uniq_ijyb
D:4:      layout_rooms, fedhas_altar_decomposition,
          minmay_temple_entry_crystal_x, serial_undead, serial_undead_a,
          serial_undead_b, serial_undead_b, serial_undead_a

Skill      XL: |  1  2  3  4  5  6 |
---------------+-------------------+-----
Axes           | 4 5 6 7 9 |  9.0
Fighting       | 4 |  4.3
Throwing       | 1 |  1.0
Armour         | |  2.4
Dodging        | |  2.1

Action                   |  1- 3 |  4- 6 || total
-------------------------+-------+-------++-------
Melee: Hand axe          |    73 |   126 ||   199
       Headbutt          |     5 |    15 ||    20
       Punch             |     1 |     1 ||     2
Throw: Javelin           |       |    30 ||    30
Invok: Berserk           |     1 |     5 ||     6
  Use: Scroll            |     1 |     4 ||     5
       Potion            |       |     1 ||     1
Armor: Animal skin       |     3 |       ||     3
       Chain mail        |    27 |    19 ||    46
       Leather armour    |       |    27 ||    27
Dodge: Dodged            |    52 |    60 ||   112

Table legend:
 A = Non-vault XP
 B = Vault XP
 C = Vault XP percentage of total XP
 D = Non-vault monster count
 E = Vault monster count
 F = Vault count percentage of total count
                 A         B        C        D         E       F
            +---------+---------+-------+---------+---------+-------
      Total |     465 |     232 |  33.3 |      81 |      10 |  11.0
            +---------+---------+-------+---------+---------+-------
        D:1 |      26 |       0 |   0.0 |      16 |       0 |   0.0
        D:2 |      87 |      37 |  29.8 |      23 |       1 |   4.2
        D:3 |     132 |      35 |  21.0 |      22 |       1 |   4.3
        D:4 |     220 |     160 |  42.1 |      20 |       8 |  28.6
            +---------+---------+-------+---------+---------+-------
